 Dungeon Crawl Stone Soup version 0.30.1-9-gdf580d7c3d (webtiles) character file.

Game seed: 9716703323346164608

116 PersonalAccount02 the Trooper (level 4, -4/41 HPs)
             Began as a Minotaur Berserker on Oct 18, 2023.
             Was a Believer of Trog.
             Splashed by a jelly's acid (7 damage)
             ... on level 4 of the Dungeon.
             The game lasted 00:02:58 (850 turns).

PersonalAccount02 the Trooper (Minotaur Berserker)   Turns: 850, Time: 00:02:59

Health: -4/41      AC:  5    Str: 24    XL:     4   Next: 69%
Magic:  3/3        EV: 12    Int:  4    God:    Trog [**....]
Gold:   46         SH:  0    Dex:  9    Spells: 3/3 levels left

rFire   . . .        a - +0 hand axe
rCold   . . .        (no shield)
rNeg    . . .        j - +0 leather armour
rPois   .            e - +2 hat
rElec   .            (no cloak)
rCorr   .            (no gloves)
SInv    .            (no boots)
Will    .....        (no amulet)
Stlth   +            (no ring)
HPRegen 0.26/turn    (no ring)
MPRegen 0.08/turn

%: no passive effects
@: no status effects
A: horns 2, retaliatory headbutt
a: Renounce Religion, Berserk, Trog's Hand


You were on level 4 of the Dungeon.
You worshipped Trog.
Trog was pleased with you.
You visited 1 branch of the dungeon, and saw 4 of its levels.

You collected 46 gold pieces.

Inventory:

Hand Weapons
 a - a +0 hand axe (weapon)
Armour
 b - a +0 animal skin
 e - a +2 hat (worn)
 j - a +0 leather armour (worn)
Scrolls
 d - a scroll of fear {unknown}
 g - a scroll of teleportation {unknown}
Potions
 c - a potion of degeneration {unknown}
 f - a potion of brilliance {unknown}
 h - a potion of mutation {unknown}
 i - a potion of haste
 k - a potion of attraction {unknown}
 l - a potion of curing {unknown}


   Skills:
 + Level 4.9 Fighting
 + Level 4.9 Axes
 + Level 2.8 Armour
 + Level 3.1 Dodging


You had 3 spell levels left.
You didn't know any spells.
Your spell library was empty.

Dungeon Overview and Level Annotations

Branches:
Dungeon (4/15)
 Temple: D:4-7

Altars:
Sif Muna

Annotations:
D:4 Duvessa


Innate Abilities, Weirdness & Mutations

You have a pair of horns on your head.
You reflexively headbutt those who attack you in melee.


Message History

The adder is lightly wounded.
The adder bites you. x2
You closely miss the adder. Your headbutt misses the adder.
The adder is lightly wounded.
The adder barely misses you. You furiously retaliate!
You headbutt the adder! You closely miss the adder.
Your headbutt misses the adder.
The adder is almost dead.
The adder closely misses you. You furiously retaliate!
You headbutt the adder.
You kill the adder!
Trog accepts your kill.
Your Dodging skill increases to level 3!
You see here an adder corpse.
Found a scroll labelled WUAMA JIUJAM.
Found a stone staircase leading down.
Duvessa, Sister of Dowan comes into view.
She is wielding a +0 short sword and carrying a wand of flame (13).
Found 14 gold pieces.
Duvessa zaps a wand.
The puff of flame misses you.
Found 11 gold pieces.
Found a stone staircase leading down.
Duvessa zaps a wand.
The puff of flame hits you!
A jelly comes into view.
The jelly quivers.
Duvessa zaps a wand.
The puff of flame hits you.
Duvessa zaps a wand.
The puff of flame hits you but does no damage.
Duvessa barely misses you.
You closely miss Duvessa. You headbutt Duvessa.
Duvessa is lightly wounded.
Duvessa zaps a wand.
The puff of flame hits you.
You hit Duvessa.
Duvessa is lightly wounded.
You hit the jelly.
Your hands burn!
The jelly hits you.
You are splashed with acid.
Duvessa hits you with a +0 short sword!
* * * LOW HITPOINT WARNING * * *
You barely miss Duvessa.
Duvessa is lightly wounded.
You hit the jelly.
Your hands burn!
* * * LOW HITPOINT WARNING * * *
The jelly hits you.
* * * LOW HITPOINT WARNING * * *
You are splashed with acid!
You die...

.... .# ....####.###
......$>...# ....$..
... #.# ....##.# #.#
#####..#..# #
#.#####.......e# #
..#.##$##.###.>J@##..#
..#.#.#.#............#
..... #.?.#.....#####
..#.#####..#.##.##
#.....†......##.#
..#.#####.......#
.....# #.#.####.#
.##.#.#.##... ..#
.##.##.# ########


You could see Duvessa and a jelly.

Vanquished Creatures
  8 adders
  A worm (D:2)
  2 dart slugs
  2 orcs (D:3)
  2 bats (D:1)
  An endoplasm (D:2)
  3 giant cockroaches
  5 goblins
  5 hobgoblins
  A quokka (D:3)
  2 ball pythons
  2 frilled lizards
  A kobold (D:1)
  3 rats
38 creatures vanquished.

Notes
Turn   | Place    | Note
-------+----------+-------------------------------------------
     0 | D:1      | PersonalAccount02 the Minotaur Berserker began the quest
                  | for the Orb.
     0 | D:1      | Reached XP level 1. HP: 19/19 MP: 0/0
   184 | D:1      | Reached XP level 2. HP: 27/27 MP: 1/1
   462 | D:2      | Reached XP level 3. HP: 29/33 MP: 2/2
   635 | D:3      | Reached XP level 4. HP: 37/41 MP: 3/3
   700 | D:3      | Found a shimmering blue altar of Sif Muna.
   702 | D:3      | Reached ** piety under Trog
   840 | D:4      | Noticed Duvessa
   850 | D:4      | Splashed by a jelly's acid

Illustrated notes

Levels and vault maps discovered:
D:1:      giann_bridges, layout_basic, shapermc_ecumenical_altar_totnotflames
D:2:      layout_basic, nrook_mini_backslash, uniq_crazy_yiuf_cottage
D:3:      layout_loops_ring, mainiacjoe_overflow_tiny_flanked,
          nicolae_half_adder
D:4:      layout_loops_cross, mainiacjoe_overflow_alcove_1,
          hellmonk_guarded_unrand_hermit, uniq_duvessa

Skill      XL: |  1  2  3  4 |
---------------+-------------+-----
Axes           | 4 |  4.9
Fighting       | 4 |  4.9
Dodging        | 3 |  3.1
Armour         | |  2.8

Action                     |  1- 3 |  4- 6 || total
---------------------------+-------+-------++-------
  Melee: Hand axe          |    48 |    30 ||    78
         Headbutt          |     3 |     5 ||     8
         Punch             |     1 |       ||     1
 Armour: Animal skin       |    16 |     3 ||    19
         Leather armour    |       |     6 ||     6
  Dodge: Dodged            |    46 |    20 ||    66
